Cogmind - Beta 13 @@@ ROGUE MODE // 2024.03.08 @ 21:24:32 Player: arkn Result: Destroyed by S-27 Virus with Autogun Performance ------------- Evolutions (5) 2500 Regions Visited (6) 1200 Robots Destroyed (107) 535 Value Destroyed (3949) 3949 Prototype IDs (6) 120 Alien Tech Used (0) 0 Bonus (-61) -61 TOTAL SCORE: 8243 Bonus ------- High Alert Combat Kills 73 Friendly Fire -134 Cogmind --------- Core Integrity 0/1000 Matter 278/300 Energy 124/315 System Corruption 19% Temperature Cool (0) Movement Hovering (112) Ox1 Location -5/Factory Parts ------- > --- POWER (1) -------- Neutrino Core > --- PROPULSION (5) --- Antigrav System Antigrav System Antigrav System > --- UTILITY (8) ------ Large Storage Unit Advanced Signal Interpreter > --- WEAPON (3) ------- Phase Cannon Gauss Rifle > --- INVENTORY (15) --- Light Fission Core Micro Fission Core Micro Fission Core Flexi-carbon Leg Improved Heat Sink Improved Heat Sink High-capacity Storage Unit Improved Target Analyzer Improved Shock Absorption System High-powered Shock Rifle Long-range Proton Cannon Gauss Rifle Gauss Rifle Improved Remote Datajack Improved Remote Datajack Peak State ------------ > --- POWER ------------ Micro Fission Core > --- PROPULSION ------- Improved Carbon-fiber Leg Flexi-carbon Leg Flexi-carbon Leg Flexi-carbon Leg Antigrav System > --- UTILITY ---------- Improved Heat Sink Large Storage Unit Triangulator Advanced Signal Interpreter Advanced Signal Interpreter Kinecellerator Improved Shock Absorption System Hacking Suite > --- WEAPON ----------- High-powered Shock Rifle Long-range Proton Cannon Gauss Rifle > --- INVENTORY -------- Light Nuclear Core High-capacity Storage Unit Phase Shifter Advanced Shield Generator Tesla Rifle Phase Cannon Gauss Rifle KE Penetrator Improved Remote Datajack [Rating: 82] Favorites ----------- Power Fission Core Engine Ion Engine Power Core Fission Core Propulsion Medium Treads Treads Medium Treads Leg Aluminum Leg Wheel Armored Wheel Hover Unit Antigrav System Flight Unit Improved Flight Unit Utility Seismic Detector Device Seismic Detector Storage Medium Storage Unit Processor Advanced Signal Interpreter Hackware Hacking Suite Protection Hardened Light Armor Plating Weapon Powered Hammer Energy Gun EM Shotgun Energy Cannon Heavy Particle Cannon Ballistic Gun Autogun Ballistic Cannon Advanced Assault Cannon Launcher Rocket Array Impact Weapon Powered Hammer Build | -11 -10 -9 -8 -7 -6 -5 ------- Run | Yrd Mat Mat Mat Fac Fac Fac Slots Evolved 10 | . . 2 2 2 2 2 Power . | . . . . . . . Propulsion 3 | . . 1 . 2 . . Utility 6 | . . 1 2 . 1 2 Weapon 1 | . . . . . 1 . Parts Attached 163 | 2 7 11 20 27 41 55 Power 11 | . 2 1 1 . 4 3 Engine 1 | . 1 . . . . . Core 10 | . 1 1 1 . 4 3 Reactor . | . . . . . . . Propulsion 55 | . 1 5 6 12 11 20 Treads 15 | . . 4 5 5 1 . Leg 15 | . 1 1 . . 2 11 Wheel 5 | . . . 1 . 2 2 Hover 8 | . . . . . 2 6 Flight 12 | . . . . 7 4 1 Utility 58 | 1 2 3 9 11 16 16 Device 38 | 1 1 1 4 9 10 12 Storage 7 | . 1 1 . 2 1 2 Processor 3 | . . . 1 . 1 1 Hackware 1 | . . . . . . 1 Protection 9 | . . 1 4 . 4 . Artifact . | . . . . . . . Weapon 39 | 1 2 2 4 4 10 16 Energy Gun 8 | . 2 1 1 . . 4 Energy Cannon 4 | . . . 1 . 1 2 Ballistic Gun 14 | 1 . 1 2 1 . 9 Ballistic Cannon 5 | . . . . 1 3 1 Launcher 1 | . . . . . 1 . Special Weapon . | . . . . . . . Impact Weapon 7 | . . . . 2 5 . Slashing Weapon . | . . . . . . . Piercing Weapon . | . . . . . . . Special Melee Weapon . | . . . . . . . Unidentified Prototypes 6 | . . . 1 1 4 . Corrupted Parts 9 | . 2 . . . 2 5 System Corruption 36 | . 4 . . . 20 12 Parts Lost 67 | . . 3 3 . 25 36 Power 4 | . . 1 . . 2 1 Propulsion 25 | . . . 2 . 12 11 Utility 20 | . . . 1 . 9 10 Weapon 18 | . . 2 . . 2 14 Highest Loss Streak 17 | . . 1 3 . 11 17 To Critical Strikes 1 | . . . . . . 1 Average Slot Usage (%) 89 | . 99 99 99 94 86 64 Engine 1 | . 12 . . . . . Core 6 | . 1 10 9 7 5 3 Treads 17 | . . 25 25 9 27 . Leg 5 | . 28 7 . . . 10 Hover 1 | . . . . . . 5 Flight 4 | . . . . 27 1 . Device 16 | . 14 14 18 22 15 14 Storage 7 | . 14 11 9 7 5 2 Processor 5 | . . . 7 7 6 8 Protection 3 | . . 7 10 . 3 . Energy Gun 5 | . 24 11 7 . . 2 Energy Cannon 1 | . . . . . 2 2 Ballistic Gun 4 | . 3 10 9 1 . 4 Ballistic Cannon 2 | . . . . . 8 . Impact Weapon 3 | . . . . 6 5 3 Naked Turns . | . . . . . . . Heaviest Build 139 | 13 22 37 46 100 139 74 Greatest Support 142 | 20 20 60 60 134 142 93 Greatest Overweight (x) 4 | . 1 . 3 3 4 4 Average Overweight (x) . | . . . . . . . Largest Inventory Capacity 25 | 8 10 15 15 25 25 20 Average Capacity 14 | 8 8 10 15 14 21 10 Most Carried 25 | 7 10 15 15 20 25 15 Average Carried 13 | 5 8 9 14 11 20 6 Final Capacity 25 | 8 10 15 15 25 5 15 Final Carried 19 | 7 10 15 13 19 4 15 Class Distribution -------------------- 32% | Mutant 26% | Scavenger-Mutant 8% | Infiltrator-Assassin 7% | Assassin 7% | Infiltrator-Mutant 4% | Scavenger-Tank 3% | Infiltrator-Sprinter 3% | Scavenger-Gunner Dominant Class ---------------- Mutant | -10/Materials Scavenger-Mutant | -9/Materials Scavenger-Mutant | -8/Materials Infiltrator-Mutant | -7/Factory Mutant | -6/Factory Mutant | -5/Factory Resources | -11 -10 -9 -8 -7 -6 -5 ----------- Run | Yrd Mat Mat Mat Fac Fac Fac Matter Collected 3084 | 247 222 353 473 120 640 1029 Remotely 43 | 40 3 . . . . . Salvage Created 4112 | 127 275 771 907 138 663 1231 Parts 242 | 6 18 70 39 4 30 75 Haulers Intercepted 4 | . 1 1 1 1 . . Recyclers Shooed . | . . . . . . . Parts Field Recycled . | . . . . . . . Retrieved Matter . | . . . . . . . Parts Self-Destructed . | . . . . . . . Prevented . | . . . . . . . Kills | -11 -10 -9 -8 -7 -6 -5 ------- Run | Yrd Mat Mat Mat Fac Fac Fac Combat Hostiles Destroyed 81 | . 4 19 18 . 19 21 Melee 3 | . . . . . 2 1 Guns 48 | . 4 17 15 . . 12 Cannons 22 | . . . 3 . 11 8 AOE 4 | . . 2 . . 2 . Classes Destroyed 15 | 2 4 4 2 . 3 . Worker 5 | . . 2 . . 1 2 Builder 2 | . . 1 . . . 1 Tunneler 2 | 1 1 . . . . . Hauler 4 | . 1 1 1 1 . . Recycler 2 | 1 . 1 . . . . Operator 2 | . 1 . . . . 1 Watcher 9 | . 1 3 2 3 . . Swarmer 22 | . . 10 3 . 5 4 Grunt 29 | . 4 8 10 . 4 3 Brawler 1 | . . . 1 . . . Duelist 2 | . . . . . 1 1 Sentry 6 | . . 1 3 . . 2 Specialist 1 | . . . . . 1 . Hunter 10 | . . . 1 . 3 6 Programmer 10 | . . . . . 5 5 Best Kill Streak 7 | 1 3 7 6 1 4 4 Combat Bots Only 6 | . 2 5 6 . 4 3 Max Kills in Single Turn 3 | 1 3 2 1 1 2 2 Gunslinging . | . . . . . . . Exploded 2 | . . 2 . . 2 . Melee 1 | . . . . . 1 1 Uniques/NPCs Destroyed . | . . . . . . . Combat | -11 -10 -9 -8 -7 -6 -5 -------- Run | Yrd Mat Mat Mat Fac Fac Fac Hostile Shots Fired 1039 | . 17 86 158 9 405 364 Missed 303 | . 1 26 46 5 127 98 Damage Taken 11273 | 27 387 681 1483 34 4116 4545 Core 1972 | . 180 115 116 . 555 1006 Absorbed by Shields 381 | . . . . . 238 143 Core Remaining (%) 68 | 100 28 71 78 100 34 . Volleys Fired 268 | 9 19 55 72 . 31 82 Largest 3 | 2 2 2 2 . 2 3 Hottest 206 | 60 90 90 85 . 123 206 Shots Fired 497 | 18 37 95 141 . 58 148 Gun 396 | 18 37 95 126 . . 120 Cannon 101 | . . . 15 . 58 28 Launcher . | . . . . . . . Special . | . . . . . . . Kinetic 288 | 9 7 43 70 . 53 106 Thermal 94 | . . . 62 . 5 27 Explosive . | . . . . . . . Electromagnetic 115 | 9 30 52 9 . . 15 Robot Hit Streak 19 | 4 7 13 16 . 5 19 Robot Miss Streak 5 | 1 2 5 3 . 3 2 Penetration Max 1 | . . . . . . 1 Secondary Targets 4 | . 1 2 . . . 1 Max Gunslinging Chain 1 | . 1 1 . . . 1 Shots Hit Robots 375 | 9 27 72 97 5 50 115 Core Hits 172 | 3 17 41 41 1 22 47 Critical Kills 6 | . . 1 1 1 1 2 Critical Parts Destroyed 15 | . . . . 1 5 9 Critical Strikes 29 | . . 1 2 2 12 12 Burn 2 | . . . 1 . . 1 Destroy 10 | . . 1 1 . . 8 Blast 6 | . . . . . 6 . Smash 11 | . . . . 2 6 3 Melee Attacks 91 | . . . . 26 43 22 Impact 91 | . . . . 26 43 22 Slashing . | . . . . . . . Piercing . | . . . . . . . Sneak Attacks 3 | . . . . 3 . . Combat Hostiles . | . . . . . . . Follow-up Attacks 4 | . . . . . . 4 Damage Inflicted 9469 | 152 614 1159 1772 616 2294 2862 Guns 4599 | 114 383 1020 1513 . . 1569 Cannons 2008 | . . . 231 . 1126 651 Explosions 949 | 38 231 139 28 . 513 . Melee 1893 | . . . . 616 655 622 Ramming 20 | . . . . . . 20 Kinetic 3657 | 35 49 381 759 . 1026 1407 Thermal 2435 | 38 231 139 867 . 613 547 Explosive . | . . . . . . . Electromagnetic 1464 | 79 334 639 146 . . 266 Impact 1893 | . . . . 616 655 622 Slashing . | . . . . . . . Piercing . | . . . . . . . Highest Corruption 30 | . 4 . 1 1 30 19 Average Corruption 5 | . 2 . 1 1 8 10 Corruption Purged . | . . . . . . . Corruption Blocked . | . . . . . . . Effects 75 | . 5 . 3 3 25 39 Message Errors 17 | . 1 . . . 5 11 Matter Fused 17 | . 2 . 1 1 6 7 Heat Flow Errors 9 | . . . . 1 5 3 Energy Discharges 7 | . 1 . 1 . 4 1 Parts Rejected 2 | . . . 1 . . 1 Parts Fused 1 | . . . . . . 1 Data Loss (minor) 10 | . . . . 1 3 6 Data Loss (major) 2 | . . . . . 1 1 Misfires 2 | . . . . . . 2 Alerts 1 | . . . . . . 1 Misdirections 3 | . . . . . 1 2 Weapon Failures 4 | . 1 . . . . 3 Overload Shots . | . . . . . . . Overflow Damage 857 | . . . 2 368 262 225 Projectiles 83 | . . . 2 . 23 58 Explosions . | . . . . . . . Melee 774 | . . . . 368 239 167 Knockbacks 18 | . . . . 1 17 . Impact 5 | . . . . 1 4 . Kinetic 12 | . . . . . 12 . Secondary 1 | . . . . . 1 . Self-Inflicted Damage 269 | 27 156 40 36 . . 10 Shots 5 | 1 2 1 1 . . . Rammed 2 | . . . . . . 2 Targets Rammed 2 | . . . . . . 2 Kicked . | . . . . . . . Crushed . | . . . . . . . Highest Temperature 285 | 12 213 205 271 78 213 285 Average Temperature 91 | 12 97 63 117 51 74 101 Received Heat Transfer 1719 | . 111 204 540 12 534 318 Effects 5 | . . . 3 . . 2 Interference 5 | . . . 3 . . 2 Siege Activations . | . . . . . . . Robots Corrupted . | . . . . . . . Combat Hostiles . | . . . . . . . Parts Fried 17 | . 3 2 . 5 3 4 Impact Corruptions 18 | . . . . 7 7 4 Robots Melted . | . . . . . . . Combat Hostiles . | . . . . . . . Parts Melted 7 | . . . 4 . . 3 Heat Transferred 3514 | 50 150 200 1789 . 548 777 Parts Sabotaged . | . . . . . . . Parts Stolen . | . . . . . . . Parts Stripped . | . . . . . . . Power Chain Reactions 5 | 1 . 2 1 1 . . Alert | -11 -10 -9 -8 -7 -6 -5 ------- Run | Yrd Mat Mat Mat Fac Fac Fac Peak Influence 526 | 10 204 292 492 526 459 412 Initial 223 | . 6 38 74 223 185 163 Average 210 | 5 71 118 248 402 203 223 Maximum Alert Level 2 | . 1 1 2 2 2 2 Low Security (%) 47 | 100 86 89 30 . 34 55 Level 1 42 | . 13 10 59 49 63 33 Level 2 10 | . . . 9 50 2 11 Level 3 . | . . . . . . . Level 4 . | . . . . . . . Level 5 . | . . . . . . . High Security . | . . . . . . . Max Security . | . . . . . . . Squads Dispatched 29 | . 1 5 3 9 7 4 Investigation 10 | . . 1 3 4 1 1 Extermination 6 | . . . . . 4 2 Reinforcement 12 | . 1 4 . 4 2 1 Assault 1 | . . . . 1 . . Garrison . | . . . . . . . Intercept . | . . . . . . . Searches Triggered 1 | . . . . . 1 . Construction Impeded 1 | . . 1 . . . . Haulers Reinforced . | . . . . . . . Active Scanning Responses . | . . . . . . . Cargo Convoy Interrupts 1 | . . . . . . 1 Stealth | -11 -10 -9 -8 -7 -6 -5 --------- Run | Yrd Mat Mat Mat Fac Fac Fac Distress Signals 13 | . . 3 5 . 3 2 Communications Jammed . | . . . . . . . Distress Signals . | . . . . . . . Times Spotted 162 | . 8 28 27 8 52 39 Peak Tracking Total 12 | . 4 6 8 2 7 12 Tactical Retreats 18 | . . 1 3 1 11 2 Traps | -11 -10 -9 -8 -7 -6 -5 ------- Run | Yrd Mat Mat Mat Fac Fac Fac Traps Triggered 6 | . 1 . 3 1 1 . Indirectly . | . . . . . . . Trap Hack Attempts . | . . . . . . . Triggered . | . . . . . . . Disarmed . | . . . . . . . Reprogrammed . | . . . . . . . Reused . | . . . . . . . Traps Extracted . | . . . . . . . Installed . | . . . . . . . Triggered 1 | . . . . . . 1 Machines | -11 -10 -9 -8 -7 -6 -5 ---------- Run | Yrd Mat Mat Mat Fac Fac Fac Machines Disabled 16 | . 7 . 1 1 4 3 Max in Single Turn 7 | . 7 . 1 1 3 1 Garrison Access 4 | . . . 1 1 1 1 Machines Repaired . | . . . . . . . Machines Dismantled . | . . . . . . . Machines Sabotaged . | . . . . . . . Overloaded Fab Kills 2 | . . . . 2 . . Hacking | -11 -10 -9 -8 -7 -6 -5 --------- Run | Yrd Mat Mat Mat Fac Fac Fac Machines Accessed 20 | . 4 4 2 7 2 1 Terminals 12 | . 4 4 1 2 1 . Fabricators 2 | . . . . 2 . . Repair Stations . | . . . . . . . Recycling Units 1 | . . . . 1 . . Scanalyzers 1 | . . . . 1 . . Garrison Access 4 | . . . 1 1 1 1 Total Hacks 72 | . 12 16 10 23 8 3 Successful 34 | . 3 9 6 12 3 1 Failed 38 | . 9 7 4 11 5 2 Catastrophic 8 | . 4 1 . 2 . 1 Database Lockouts . | . . . . . . . Manual 61 | . 12 15 9 17 7 1 Terminals 44 | . 12 16 6 7 3 . Fabricators 8 | . . . . 8 . . Repair Stations . | . . . . . . . Recycling Units 2 | . . . . 2 . . Scanalyzers 3 | . . . . 3 . . Garrison Access 15 | . . . 4 3 5 3 Terminal Hacks 5 | . . 3 1 1 . . Terminal Index 3 | . . 1 1 1 . . Zone Layout 2 | . . 2 . . . . Fabricator Hacks 1 | . . . . 1 . . Build 1 | . . . . 1 . . Repair Station Hacks . | . . . . . . . Recycling Unit Hacks . | . . . . . . . Scanalyzer 2 | . . . . 2 . . Insert Component 1 | . . . . 1 . . Analyze 1 | . . . . 1 . . Garrison Access Hacks . | . . . . . . . Unauthorized Hacks 26 | . 3 6 5 8 3 1 Terminals 13 | . 3 6 2 1 1 . Track 2 | . 1 1 . . . . Assimilate 2 | . 1 . . . 1 . Botnet 7 | . 1 4 1 1 . . Operators 2 | . . 1 1 . . . Fabricators 5 | . . . . 5 . . Report 1 | . . . . 1 . . Liberate 1 | . . . . 1 . . Fabnet 1 | . . . . 1 . . Overload 2 | . . . . 2 . . Repair Stations . | . . . . . . . Recycling Units 1 | . . . . 1 . . Recyclers 1 | . . . . 1 . . Scanalyzers . | . . . . . . . Garrison Access 7 | . . . 3 1 2 1 Broadcast 1 | . . . 1 . . . Watchers 3 | . . . 1 1 1 . Jam 3 | . . . 1 . 1 1 Data Cores Recovered . | . . . . . . . Used . | . . . . . . . Hacking Detections 20 | . 4 4 2 7 2 1 Full Trace Events 3 | . . 1 1 1 . . Feedback Events 1 | . . . . 1 . . Corruption 1 | . . . . 1 . . Feedback Blocked . | . . . . . . . Robot Schematics Acquired . | . . . . . . . Robots Built . | . . . . . . . Authchips . | . . . . . . . Time . | . . . . . . . Total Robot Build Rating . | . . . . . . . Part Schematics Acquired 1 | . . . . 1 . . Parts Built 2 | . . . . 2 . . Authchips . | . . . . . . . Time 95 | . . . . 95 . . Total Part Build Rating 10 | . . . . 10 . . Parts Repaired . | . . . . . . . Time . | . . . . . . . Parts Recycled . | . . . . . . . Recycled Matter . | . . . . . . . Retrieved Matter . | . . . . . . . Retrieved Components . | . . . . . . . Parts Scanalyzed 1 | . . . . 1 . . Part Schematics Acquired 1 | . . . . 1 . . Parts Damaged . | . . . . . . . Bothacking | -11 -10 -9 -8 -7 -6 -5 ------------ Run | Yrd Mat Mat Mat Fac Fac Fac Used RIF Installer . | . . . . . . . Robots Hacked 2 | . . . . . 2 . Non-combat . | . . . . . . . Combat 2 | . . . . . 2 . Robot Hacks Applied . | . . . . . . . Relay Couplers Released 1 | . . . . 1 . . Machine Destruction 1 | . . . . 1 . . Fabnet Peak Effective % 3 | . . . . . 3 1 Autooverrided 2 | . . . . . 2 . Robots Rewired . | . . . . . . . Allies Hacked . | . . . . . . . Hacks Repelled . | . . . . . . . Allies | -11 -10 -9 -8 -7 -6 -5 -------- Run | Yrd Mat Mat Mat Fac Fac Fac Total Allies 4 | . 1 . . . 3 . Largest Group 2 | . 1 . . . 2 . Highest-Rated Group 55 | . 10 . . . 55 . Highest-Rated Ally 29 | . 10 . . . 29 . Total Orders . | . . . . . . . Ally Attacks 9 | . . . . . 9 . Total Damage 83 | . . . . . 83 . Kills . | . . . . . . . Allies Corrupted 1 | . . . . . 1 . Allies Melted . | . . . . . . . Intel | -11 -10 -9 -8 -7 -6 -5 ------- Run | Yrd Mat Mat Mat Fac Fac Fac Robot Analysis Total . | . . . . . . . Derelict Logs Recovered . | . . . . . . . Drone Launches . | . . . . . . . Drone Recoveries . | . . . . . . . Exploration | -11 -10 -9 -8 -7 -6 -5 ------------- Run | Yrd Mat Mat Mat Fac Fac Fac Turns Passed 8252 | 65 715 1489 1125 1076 2546 1236 Spaces Moved 5393 | 28 420 614 456 1442 1800 633 Core 13 | . . . . . 1 12 Treads 2116 | . . 421 428 160 1107 . Legs 909 | 28 420 193 . . 31 237 Wheels 208 | . . . 28 . 120 60 Hover 320 | . . . . . 2 318 Flight 1827 | . . . . 1282 539 6 Fastest Speed 27 | 120 120 120 135 27 32 45 Average Speed 105 | 120 143 147 161 47 116 100 Slowest Speed 400 | 120 190 160 245 400 250 260 Overloaded Moves . | . . . . . . . Propulsion Burnouts . | . . . . . . . Robots Hopped 3 | . . . . . 3 . Cave-ins Triggered . | . . . . . . . Exploration Rate (%) 36 | 4 65 41 34 41 58 14 Regions Visited 6 Branch Regions . Pre-discovered Areas . | . . . . . . . Known Exits Taken 3 | . . . 1 1 1 . Unknown Exits Taken 3 | 1 1 1 . . . . Scrap Searched . | . . . . . . . Spaces Dug 40 | . . . . 19 20 1 Terrain Destroyed 110 | . 30 9 2 19 41 9 Melee 40 | . . . . 19 20 1 Projectile 13 | . . . . . 8 5 AOE 54 | . 30 9 2 . 13 . Terrain Rammed . | . . . . . . . Walls Destroyed . | . . . . . . . Machines Disabled . | . . . . . . . Actions | -11 -10 -9 -8 -7 -6 -5 --------- Run | Yrd Mat Mat Mat Fac Fac Fac Total 7312 | 41 500 1111 723 1786 2105 1046 Wait 1231 | . 36 412 154 258 147 224 Move 5380 | 27 419 613 455 1441 1792 633 Hop 3 | . . . . . 3 . Pick Up 101 | 2 8 14 8 18 24 27 Fast Attach 50 | 1 2 1 3 3 13 27 Attach 42 | . . 4 4 4 13 17 Detach 4 | . . . . 1 2 1 Swap 71 | 1 5 6 13 20 15 11 Drop 75 | 1 11 6 14 15 23 5 Fire 268 | 9 19 55 72 . 31 82 Melee 85 | . . . . 26 42 17 Ram 2 | . . . . . . 2 Kick . | . . . . . . . Crush . | . . . . . . . Escape Stasis . | . . . . . . . Rewire . | . . . . . . . Trap . | . . . . . . . Miscellaneous . | . . . . . . . Route ------- -11/Scrapyard -10/Materials (discovered 2 exits: *Mat / [*Min]) -9/Materials (discovered 2 exits: *Mat x2) -8/Materials -7/Factory (discovered 2 exits: *Fac / *Low) -6/Factory (discovered 2 exits: *Fac / *Low) -5/Factory History --------- Turn | Location | Event 21 | -11/Scrapyard | Discovered new exit (range 2) 66 | -11/Scrapyard | Entered Materials 239 | -10/Materials | Core integrity fell below 50% 300 | -10/Materials | Build established: Mutant 399 | -10/Materials | Discovered new exit (range 5) 737 | -10/Materials | Discovered new exit (range 10) 781 | -10/Materials | Entered another Materials area 781 | -9/Materials | Evolved 2 slots: Propulsion x1, Utility x1 1399 | -9/Materials | Build established: Scavenger-Mutant 1976 | -9/Materials | Discovered new exit (range 3) 2205 | -9/Materials | Discovered new exit (range 16) 2270 | -9/Materials | Entered another Materials area 2270 | -8/Materials | Evolved 2 slots: Utility x2 2480 | -8/Materials | Discovered new exit (range 8) 2492 | -8/Materials | Identified exit to Factory 3370 | -8/Materials | Lost 3 parts (2n1u) 3395 | -8/Materials | Entered Factory 3395 | -7/Factory | Evolved 2 slots: Propulsion x2 3617 | -7/Factory | Discovered new exit (range 7) 3619 | -7/Factory | Identified exit to Lower Caves 3677 | -7/Factory | Fabricated Thermic Laser (x2) 4063 | -7/Factory | Discovered new exit (range 5) 4064 | -7/Factory | Identified exit to Factory 4411 | -7/Factory | Build established: Infiltrator-Mutant 4471 | -7/Factory | Entered another Factory area 4471 | -6/Factory | Evolved 2 slots: Utility x1, Weapon x1 4836 | -6/Factory | Local machine network offline 4997 | -6/Factory | Build established: Infiltrator-Assassin 5784 | -6/Factory | Build established: Assassin 5838 | -6/Factory | Found Prototype Launcher 5839 | -6/Factory | Identified Rocket Array 6388 | -6/Factory | Build established: Mutant 6618 | -6/Factory | Lost 11 parts (1p5n4u1w) 6788 | -6/Factory | Discovered new exit (range 15) 6837 | -6/Factory | Discovered new exit (range 14) 6849 | -6/Factory | Identified exit to Lower Caves 6864 | -6/Factory | Lost 7 parts (1p3n3u) 6921 | -6/Factory | Search patrols dispatched 6962 | -6/Factory | System corruption reached 10% 6966 | -6/Factory | Core integrity fell below 50% 6984 | -6/Factory | Lost 4 parts (3n1u) 7008 | -6/Factory | Identified exit to Factory 7013 | -6/Factory | System corruption reached 30% 7017 | -6/Factory | Entered another Factory area 7017 | -5/Factory | Evolved 2 slots: Utility x2 7450 | -5/Factory | Lost 8 parts (3n2u3w) 7587 | -5/Factory | Lost 4 parts (2n2w) 7887 | -5/Factory | Core integrity fell below 50% 7930 | -5/Factory | System corruption reached 10% 7943 | -5/Factory | Lost 3 parts (1u2w) 8041 | -5/Factory | Core integrity fell below 20% 8081 | -5/Factory | Lost 17 parts (1p5n6u5w) 8237 | -5/Factory | Cargo convoy interrupted 8253 | -5/Factory | Destroyed by S-27 Virus with Autogun Last Messages --------------- 08206_ Connecting with Terminal... 08207_ WRAZ N9AADOLIOX#IT&2 08208_ K-01 Serf cleans the Recycling Unit. 08209_ R-10 Processor inserts Terrain Scan Processor into recycling unit. 08209_ K-01 Serf cleans the Recycling Unit. 08211_ Critical hit (Burn: +37). 08215_ Slug penetrates Door. 08218_ Slug penetrates Wall. 08225_ Slug penetrates G-67 Veteran. 08230_ System corrupted: Flexi-carbon Leg rejected. 08230_ Phase Shifter destroyed. 08233_ Gauss Rifle destroyed. 08237_ Overheating: System interference. 08237_ Gauss Rifle temporarily disabled. 08237_ ALERT: Cargo convoy interrupted, initiating access lockdown. 08240_ Dropped Unknown Power Core. 08249_ Slammed into S-27 Virus. 08249_ Destabilizing: Core damaged (-30). 08250_ System corrupted: Substantial component data lost. 08251_ Antigrav System destroyed. Map ----- +----------------------------------------------------+ | ?????????????????????????????????????????????????? | | ?????????????????????????????????????????????????? | | ?????????????????????????????????????????????????? | | ?????????????????????????????????????????????????? | | ?????????????????????????????????????????????????? | | ?????????????????????????????????????????????????? | | ?????????????????????????????????????????????????? | | ?????????????????????????????????????????????????? | | ?????????????????????????????????????????????????? | | ?????????????????????????????????????????????????? | | ?????????????????????????????????????????????????? | | ?????????????????????????????????????????????????? | | ?????????????????????????????????????????????????? | | ?????????????????????????????????????????????????? | | ?????????????????????????????????????????????????? | | ?????????????????????????????????????????????????? | | ?????????????????????????????????###?#???????????? | | ???????????????????????????????? ???????????? | | ??????????????????????????????? ??????????? | | ?????????????????????????????? k ??????????? | | ?????????????????????????????? ???????????? | | ????????????????????????????? ^ ?????????????? | | ???????????????????????????? #???????????????? | | ????????????????????####+### #???????????????? | | ????????????????????# #???????????????? | | ??????????#######???# @ R #???????????????? | | ??????????# ??#""" s #???????????????? | | ??????????# ??#"Ysss #???????????????? | | ??????????# ?#"""s"""""" #???????????????? | | ??????????# ?# s """""" #???????????????? | | ??????????# # ss """""" #???????????????? | | ??????????# # """""" [ ??????????????? | | ??????????# + """""??? ????????????? | | ??????????# # """""?? ????????????? | | ???????############## """""" ?????????????? | | ???????# ??#** """""" ??????????????? | | ???????? ?#*] """""" #???????????????? | | ????????? ?# #???????????????? | | ??????????? # #???????????????? | | ????????????" """ # #???????????????? | | ????????????" """ + #???????????????? | | ????????????" """ # #???????????????? | | ??????????? # #???????????????? | | ??????????""" """ ?##### #???????????????? | | ??????????""" """ ?????# #######?????????? | | ????????????" """ ??????# ????????? | | ????????????? ??????# ????????? | | ?????????????####???????# ????????? | | ???????????##############""# ????????? | | ??????????# # """ """ ????????? | +----------------------------------------------------+ Best States ------------- Heat Dissipation 73 Energy Generation 19 Energy Capacity 315 Matter Stores 300 Matter Capacity 450 Sight Range 16 Robot Scan Range 15 Terrain Scan Range 20 Terrain Scan Density 10 ECM Strength 1 Cloak Strength 2 Armor Coverage 825 Resistance: EX 50 Phase Shifting 5 Evasion (%) 64 Recoil Reduction 5 Kinecelleration 30 Offensive Hacking 10 Item Schematics ----------------- Arm. Treads | -7/Factory | Scanalyzed Robot Schematics ------------------ None Fabricated ------------ Thermic Laser | x2 | -7/Factory | Preloaded Alien Tech Used ----------------- None Achievements -------------- None Challenges ------------ None Game ------ Seed HeartHellfireBarrier Manual? 0 Play Time 03:49:35 Cumulative 147.4 hours Start 2024.03.03 @ 02:01:06 End 2024.03.08 @ 21:24:32 Sessions 1 Manual Loads 0 Difficulty Rogue Special Mode None Game No. 121 Rogue 115 Adventurer 0 Explorer 6 Win Type - Total 3 Types 3/0/0/0/0/0/0/0/0 Lore% 41 Gallery% 55 Achievement% 47 Wizard Run 0 Options --------- Layout 0 ASCII 0 Keyboard 0 Movement Numpad Keybinds 0 Fullscreen 1 Font 24/Smallcaps Map View 113x50 Zoom Use 0% Tactical HUD 1 Map Filters NONE Filters NONE Steam X RUN: fd47c19c-6c3e-48dd-a1fb-82cb9aef538f